 Dungeon Crawl Stone Soup version 0.21.1-1-g345015f (webtiles) character file.

1246 Kagorn the Cleaver (level 8, -1/74 HPs)
             Began as a Hill Orc Fighter on June 14, 2018.
             Slain by a troll (2 damage)
             ... on level 8 of the Dungeon.
             The game lasted 00:29:59 (4657 turns).

Kagorn the Cleaver (Hill Orc Fighter)               Turns: 4657, Time: 00:30:04

Health: -1/74      AC: 16    Str: 19    XL:     8   Next: 50%
Magic:  8/8        EV:  5    Int:  8    God:
Gold:   136        SH:  0    Dex: 16    Spells: 7/7 levels left

rFire    + . .     SeeInvis .   a - +1 war axe
rCold    x . .     Gourm    .   c - +1 shield
rNeg     . . .     Faith    .   A - +7 chain mail of Fun {rCorr Dex+4}
rPois    .         Spirit   .   (no helmet)
rElec    .         Reflect  .   (no cloak)
rCorr    +         Harm     .   (no gloves)
MR       .....                  (no boots)
Stlth    ..........             (no amulet)
HPRegen  0.22/turn              j - ring of fire
MPRegen  0.11/turn              (no ring)

@: confused
A: no striking features
a: no special abilities


You were on level 8 of the Dungeon.
You were not hungry.

You visited 1 branch of the dungeon, and saw 8 of its levels.
You also visited: Ossuary.

You collected 354 gold pieces.
You spent 218 gold pieces at shops.

Inventory:

Hand Weapons
 a - a +1 war axe (weapon)
 b - a +0 battleaxe
 m - a +1 short sword of venom
 n - a +0 halberd
 u - a cursed -1 dagger
Armour
 c - a +1 shield (worn)
 A - the +7 chain mail of Fun (worn) {rCorr Dex+4}
   (You bought it in a shop on level 5 of the Dungeon)

   It affects your dexterity (+4).
   It protects you from acid and corrosion.
Jewellery
 h - an uncursed amulet of faith
 j - a ring of fire (left hand)
 s - an uncursed ring of fire
 w - an uncursed ring of ice {unknown}
 z - an uncursed amulet of rage {unknown}
Wands
 g - a wand of random effects (38)
 k - a wand of flame (47)
Scrolls
 e - 4 scrolls of enchant armour
 l - 2 scrolls of magic mapping
 p - 2 scrolls of amnesia
 q - a scroll of immolation {unknown}
 t - a scroll of fear {unknown}
 x - 4 scrolls of identify
 B - a scroll of blinking
 E - a scroll of torment {unknown}
 F - a scroll of teleportation {unknown}
Potions
 d - 3 potions of might
 i - 2 potions of berserk rage
 o - 4 potions of flight {unknown}
 r - 3 potions of brilliance
 v - a potion of ambrosia
 C - 2 potions of agility {unknown}
 H - a potion of haste
Books
 y - a book of Callings

   Spells                             Type                      Level
   a - Summon Small Mammal            Summoning                    1
   b - Call Imp                       Summoning                    2
   c - Call Canine Familiar           Summoning                    3
   d - Summon Guardian Golem          Hexes/Summoning              3
   e - Summon Lightning Spire         Summoning/Air                4
   f - Summon Ice Beast               Ice/Summoning                4
Comestibles
 f - 2 rations


   Skills:
 * Level 7.8 Fighting
 * Level 8.0 Axes
 + Level 5.4 Armour
 + Level 5.4 Shields


You had 7 spell levels left.
You didn't know any spells.

Dungeon Overview and Level Annotations

Branches:
Dungeon (8/15)
 Temple: D:4-7         Lair: D:8-11

Altars:
Gozag
Kikubaaqudgha
Nemelex Xobeh
Okawaru
Qazlal
Wu Jian
Yredelemnul
The Shining One

Shops:
D:5 [


Message History

You closely miss the troll.
The troll is heavily wounded.
The troll bites you but does no damage. You block the troll's attack.
The troll claws you but does no damage.
You hit the troll.
The troll is severely wounded.
The troll bites you!
* * * LOW HITPOINT WARNING * * *
You block the troll's attack. x2; The troll bites you.
* * * LOW HITPOINT WARNING * * *
The troll claws you but does no damage. x2
A two-headed ogre comes into view.
It is wielding a giant club and a giant spiked club.
Unknown command.
You are confused.
You feel invigorated.
The two-headed ogre shouts in stereo!
The troll bites you.
* * * LOW HITPOINT WARNING * * *
The troll claws you.
You die...

#
############.#
...........O.
####......##.##
.....>T@....)..
#.##......##.##
#......#
#.....$#
########


You could see a two-headed ogre and a troll.

Vanquished Creatures
  Grinder (D:5)
  The ghost of wilfster70 the Magician, an amateur GnWz (D:4)
  A centaur (D:5)
  An ogre (D:4)
  Blork the orc (D:4)
  An elf zombie (Ossuary)
  A wyvern skeleton (D:6)
  2 scorpions
  A crimson imp (D:6)
  A hound (D:6)
  An orc wizard (D:4)
  Ijyb (D:3)
  A worker ant (D:6)
  A hound skeleton (D:6)
  3 mummies (Ossuary)
  A worker ant zombie (D:5)
  3 gnolls (D:2)
  A howler monkey skeleton (D:5)
  6 adders
  A shadow imp (D:6)
  An ooze (D:2)
  4 adder zombies (Ossuary)
  A worm (D:2)
  A dart slug (D:2)
  6 leopard geckos
  3 orcs (D:4)
  3 ball pythons
  4 giant cockroaches
  8 goblins
  5 hobgoblins
  11 jackals
  2 quokkas
  4 bats
  4 frilled lizards
  2 goblin zombies (Ossuary)
  A hobgoblin zombie (Ossuary)
  5 kobolds
  4 kobold zombies (Ossuary)
  A quokka zombie (Ossuary)
  10 rats
  5 rat zombies (Ossuary)
  7 plants (D:5)
122 creatures vanquished.

Notes
Turn   | Place    | Note
-------+----------+-------------------------------------------
     0 | D:1      | Kagorn the Hill Orc Fighter began the quest for the Orb.
     0 | D:1      | Reached XP level 1. HP: 19/19 MP: 1/1
    54 | D:1      | Reached skill level 3 in Axes
    54 | D:1      | Reached XP level 2. HP: 27/27 MP: 2/2
   290 | D:1      | Reached XP level 3. HP: 27/33 MP: 3/3
   658 | D:2      | Reached XP level 4. HP: 10/41 MP: 4/4
   669 | D:2      | Reached skill level 4 in Axes
  1735 | D:3      | Noticed Ijyb
  1751 | D:3      | Killed Ijyb
  1751 | D:3      | Reached XP level 5. HP: 43/47 MP: 5/5
  2108 | D:4      | Noticed wilfster70's ghost (amateur GnWz)
  2172 | D:4      | Reached skill level 5 in Fighting
  2367 | D:4      | Reached skill level 5 in Axes
  2418 | D:4      | Noticed Blork the orc
  2432 | D:4      | Killed Blork the orc
  2432 | D:4      | Reached XP level 6. HP: 19/56 MP: 6/6
  2902 | D:4      | Found a glowing golden altar of the Shining One.
  2912 | D:4      | Found an opulent altar of Gozag.
  2912 | D:4      | Found an ornate altar of the Wu Jian Council.
  2913 | D:4      | Found an iron altar of Okawaru.
  2913 | D:4      | Found a stormy altar of Qazlal.
  2915 | D:4      | Found a sparkling altar of Nemelex Xobeh.
  2916 | D:4      | Found an ancient bone altar of Kikubaaqudgha.
  2917 | D:4      | Found a basalt altar of Yredelemnul.
  2988 | D:5      | Entered Level 5 of the Dungeon
  3079 | D:5      | Reached skill level 6 in Axes
  3079 | D:5      | Reached XP level 7. HP: 54/63 MP: 7/7
  3089 | D:5      | Found Leptag's Antique Armour Shoppe.
  3120 | D:5      | Noticed Grinder
  3125 | D:5      | Paralysed by Grinder for 2 turns
  3143 | D:5      | Killed Grinder
  3322 | D:5      | Bought a dazzling chain mail for 218 gold pieces
  3332 | D:5      | Identified the +7 chain mail of Fun {rCorr Dex+4} (You bought it in a shop on level 5 of the Dungeon)
  3627 | D:5      | Reached skill level 7 in Axes
  4086 | D:4      | Killed wilfster70's ghost
  4086 | D:4      | Reached skill level 5 in Armour
  4086 | D:4      | Reached skill level 5 in Shields
  4086 | D:4      | Reached XP level 8. HP: 44/73 MP: 8/8
  4417 | D:6      | Found a sand-covered staircase.
  4426 | Ossuary  | Entered an ossuary
  4456 | Ossuary  | Reached skill level 8 in Axes
  4596 | D:6      | Noticed a troll
  4656 | D:8      | HP: 1/74 [troll (4)]
  4657 | D:8      | Noticed a two-headed ogre
  4657 | D:8      | Slain by a troll

Skill      XL: |  1  2  3  4  5  6  7  8 |
---------------+-------------------------+-----
Axes           | 3 4 5 6 7 8 |  8.0
Fighting       | 4 5 6 7 |  7.8
Armour         | 4 5 |  5.4
Shields        | 4 5 |  5.4

Action                   |  1- 3 |  4- 6 |  7- 9 || total
-------------------------+-------+-------+-------++-------
Melee: War axe           |    92 |   156 |   203 ||   451
Evoke: Wand              |       |     2 |     1 ||     3
  Use: Potion            |     1 |     6 |     7 ||    14
       Scroll            |       |    10 |       ||    10
  Eat: Ration            |       |     2 |     2 ||     4
Armor: Scale mail        |    50 |    53 |     3 ||   106
       Chain mail        |       |       |   104 ||   104
Dodge: Dodged            |    28 |    53 |    41 ||   122
Block: Shield            |    55 |    78 |   120 ||   253
